 Dungeon Crawl Stone Soup version 0.31-a0-672-g7da72447bb (webtiles) character file.

Game seed: 13737490930705203819

1204 Dirtsage the Changeling (level 8, -11/54 HPs)
             Began as an Octopode Shapeshifter on Sept 4, 2023.
             Was an Initiate of the Shining One.
             Killed from afar by a deep elf pyromancer (31 damage)
             ... with a bolt of fire
             ... on level 6 of the Dungeon.
             The game lasted 00:13:14 (4953 turns).

Dirtsage the Changeling (Octopode Shapeshifter)     Turns: 4953, Time: 00:13:15

Health: -11/54     AC:  5    Str: 22    XL:     8   Next: 45%
Magic:  8/8        EV: 13    Int: 12    God:    the Shining One [......]
Gold:   348        SH:  0    Dex: 11    Spells: 4/7 levels left

rFire   . .          .
                       - Unarmed
rCold   . . .        (no shield)
rNeg    + . .        (helmet currently unavailable)
rPois   +            (no amulet)
rElec   .            d - +4 ring of protection
rCorr   .            P - ring of poison resistance
SInv    .            N - ring of positive energy
Will    .....        a - +6 ring of strength
Stlth   +            (no ring)
HPRegen 0.29/turn    (no ring)
MPRegen 0.11/turn    (no ring)
                     (no ring)

%: no passive effects
@: beast-form, glowing
A: beast (slay +3), almost no armour, amphibious, 8 rings, camouflage 1,
gelatinous body 1, (nimble swimmer 1), tentacles
a: Begin Untransformation, Renounce Religion


You were on level 6 of the Dungeon.
You worshipped the Shining One.
The Shining One was noncommittal.
You were a hulking beast.
You visited 2 branches of the dungeon, and saw 7 of its levels.

You collected 348 gold pieces.

Inventory:

Magical Staves
 k - a staff of earth
Jewellery
 a - a +6 ring of strength (on tentacle)
 d - a +4 ring of protection (left tentacle)
 N - a ring of positive energy (on tentacle)
 P - a ring of poison resistance (right tentacle)
Talismans
 b - a beast talisman (active)
 c - a flux talisman
Wands
 l - a wand of mindburst (10)
 m - a wand of acid (8)
Scrolls
 f - a scroll of vulnerability
 h - a scroll of noise
 j - a scroll of revelation
Potions
 e - a potion of haste {unknown}
 g - a potion of invisibility {unknown}
 i - a potion of heal wounds {unknown}
 n - a potion of magic {unknown}
 q - a potion of curing


   Skills:
 + Level 4.1 Fighting
 - Level 2.0 Dodging
 + Level 5.5 Unarmed Combat
 + Level 3.4 Ice Magic
 * Level 6.7 Shapeshifting


You had 4 spell levels left.
You knew the following spells:

 Your Spells              Type           Power      Damage    Failure   Level
b - Frozen Ramparts       Ice            16%        1d3       24%         3

Your spell library contained the following spells:

 Spells                   Type           Power      Damage    Failure   Level
 Freeze                   Ice            32%        1d5       9%          1
 Magic Dart               Conj           0%         1d3       32%         1
 Blink                    Tloc           0%         N/A       45%         2
 Call Imp                 Summ           0%         N/A       45%         2
 Lesser Beckoning         Tloc           0%         N/A       45%         2
 Momentum Strike          Conj/Tloc      0%         3d8       45%         2
 Hailstorm                Conj/Ice       4%         3d4       45%         3
 Mephitic Cloud           Conj/Pois/Air  0%         N/A       69%         3
 Portal Projectile        Hex/Tloc       0%         N/A       69%         3
 Tukima's Dance           Hex            0%         N/A       69%         3
 Cause Fear               Hex            0%         N/A       97%         4
 Iskenderun's Mystic Bla  Conj/Tloc      0%         2d3       97%         4
 Haunt                    Necr/Summ      0%         N/A       100%        7
 Malign Gateway           Summ/Tloc      0%         N/A       100%        7


Dungeon Overview and Level Annotations

Branches:
Dungeon (6/15)             Temple (1/1) D:4

Altars:
Ashenzari
Cheibriados
Dithmenos
Elyvilon
Fedhas
Gozag
Hepliaklqana
Kikubaaqudgha
Makhleb
Nemelex Xobeh
Okawaru
Ru
Trog
Vehumet
Wu Jian
Xom
Yredelemnul
Zin
The Shining One


Innate Abilities, Weirdness & Mutations

You are a hulking beast.
Your limbs bulge with bestial killing power. (Slay +3)
You cannot wear most types of armour.
You are amphibious.
You can wear up to eight rings at the same time.
Your skin changes colour to match your surroundings (Stealth+).
Your rubbery body absorbs attacks. (AC +1, EV +1)
((You are camouflaged when in or above water. (Stealth+)))
You have tentacles for arms and can constrict up to eight enemies at once.


Message History

There is an open door here.
There is an open door here.
You open the door.
There is an open door here.
There is an open door here.
You now have 348 gold pieces (gained 7).
There is an open door here.
There is an open door here.
As you open the door, it creaks loudly!
There is an open door here.
Found a stone staircase leading down.
Search for what [Enter for "ely", or ? for help]? talisman Unknown command.
Found a granite statue.
A deep elf pyromancer comes into view. It is wielding a +0 rapier.
The deep elf pyromancer shouts!
The deep elf pyromancer casts a spell.
You tentacle-slap the fire elemental. You tentacle-slap the fire elemental!
The fire elemental is moderately damaged.
The fire elemental hits you. The fire elemental burns you!
You take 10 damage, and have 44/54 hp.
You tentacle-slap the fire elemental. Your squeeze misses the fire elemental.
The fire elemental is heavily damaged.
The fire elemental hits you. The fire elemental burns you!
You take 12 damage, and have 32/54 hp.
MASSIVE DAMAGE!!
You barely miss the fire elemental. Your squeeze misses the fire elemental.
The fire elemental is heavily damaged.
The fire elemental hits you. The fire elemental burns you!
The fire elemental barely misses you.
You take 12 damage, and have 20/54 hp.
MASSIVE DAMAGE!!
You bludgeon the fire elemental! You squeeze the fire elemental!
The fire elemental is almost destroyed.
The fire elemental completely misses you.
You barely miss the fire elemental. Your squeeze misses the fire elemental.
The fire elemental is almost destroyed.
The deep elf pyromancer casts a spell at you.
The bolt of fire hits the fire elemental.
The fire elemental completely resists.
The bolt of fire hits you!!
Ouch! That really hurt!
You die...

#.....#### ###...... #......
#.....# ........ #......
#.....#. ..... #......
##....#''e######8.# ##...##
##.#.#..○'.......#############
#.#.#...°$........#..........
#...#$.$'○○E..○...#..........
##..#+++######8e..#..........
##.#.......hE°...#..........
#.#...........##########'##
#.###########.###.####...##
#..................#......#
##..####..>........#......#
##................#......#
######...........#......#
#...........#......#
#...........#......#


You could see a deep elf pyromancer and a fire elemental (summoned).

Vanquished Creatures
  A yak (D:6)
  Eustachio (D:5)
  A black bear (D:6)
  An ogre (D:4)
  A centaur (D:6)
  A bullfrog (D:6)
  2 jellies
  2 hounds
  A sleepcap (D:5)
  4 iguanas
  3 orc wizards (D:5)
  A scorpion zombie (D:5)
  A hound zombie (D:5)
  12 adders
  A shadow imp (D:5)
  3 ufetubi
  2 worms
  2 dart slugs (D:1)
  14 orcs
  3 ball pythons
  4 endoplasms
  4 giant cockroaches
  5 goblins
  4 hobgoblins
  7 jackals
  6 quokkas
  4 bats
  3 frilled lizards
  11 kobolds
  3 rats
108 creatures vanquished.

Notes
Turn   | Place    | Note
-------+----------+-------------------------------------------
     0 | D:1      | Dirtsage the Octopode Shapeshifter began the quest for the
                  | Orb.
     0 | D:1      | Reached XP level 1. HP: 13/13 MP: 1/1
   134 | D:1      | Reached XP level 2. HP: 8/18 MP: 2/2
   256 | D:1      | Noticed an eye of devastation
   257 | D:1      | Found a faded altar of an unknown god.
   260 | D:1      | Noticed a floating eye
   260 | D:1      | Noticed an eye of devastation
   260 | D:1      | Noticed a floating eye
   577 | D:2      | Reached XP level 3. HP: 22/23 MP: 3/3
   860 | D:2      | Reached skill level 4 in Shapeshifting
   946 | D:2      | Reached XP level 4. HP: 28/28 MP: 4/4
  1286 | D:3      | Found an iron altar of Okawaru.
  1376 | D:3      | Found a sacrificial altar of Ru.
  1832 | D:3      | Learned a level 3 spell: Frozen Ramparts
  1881 | D:3      | Found a shimmering altar of Xom.
  1884 | D:3      | Found a broken altar of Ashenzari.
  2401 | D:4      | Reached XP level 5. HP: 33/33 MP: 5/5
  2544 | D:4      | Found a staircase to the Ecumenical Temple.
  2553 | Temple   | Entered the Ecumenical Temple
  2570 | Temple   | Became a worshipper of Elyvilon the Healer
  2595 | D:4      | Noticed an ogre
  2599 | D:4      | Killed an ogre
  2600 | D:4      | Reached XP level 6. HP: 39/39 MP: 6/6
  2605 | D:4      | Reached skill level 1 in Ice Magic
  2605 | D:4      | Reached skill level 5 in Shapeshifting
  2625 | D:4      | Found a burning altar of Makhleb.
  3154 | D:5      | Entered Level 5 of the Dungeon
  3178 | D:5      | Got the Secrets of Beguiling Support
  3275 | D:5      | Reached * piety under Elyvilon
  3483 | D:5      | Elyvilon protects you from harm!
  3508 | D:5      | Reached XP level 7. HP: 29/45 MP: 5/7
  3870 | D:5      | Noticed Eustachio
  3878 | D:5      | Killed Eustachio
  4081 | D:5      | Found a basalt altar of Yredelemnul.
  4104 | D:6      | Noticed a yak
  4104 | D:6      | Noticed a yak
  4145 | D:6      | Reached skill level 5 in Unarmed Combat
  4145 | D:6      | Reached skill level 6 in Shapeshifting
  4183 | D:6      | Identified the +1 sling of Equilibrium {flame, *Slow rElec
                  | Str+6}
  4287 | D:6      | Noticed a yak
  4355 | D:6      | Killed a yak
  4356 | D:6      | Reached XP level 8. HP: 42/53 MP: 8/8
  4451 | D:6      | Found a glowing golden altar of the Shining One.
  4458 | D:6      | Fell from the grace of Elyvilon
  4458 | D:6      | Became a worshipper of the Shining One
  4940 | D:6      | Noticed a deep elf pyromancer
  4953 | D:6      | Killed from afar by a deep elf pyromancer

Illustrated notes

Levels and vault maps discovered:
D:1:      saegor_arrival_simple_d, layout_basic,
          hellmonk_ecumenical_altar_watching_god
D:2:      layout_loops_ring, minmay_bisected
D:3:      layout_basic, okawaru_trees_1, grunt_temple_overflow_open
D:4:      minmay_wonky_spiral, layout_loops_ring, lightli_temple_of_fire,
          minmay_temple_entry_mini_moons
D:5:      layout_rooms, lemuel_zombie_altar_yredelemnul, minmay_misc_feat_rows,
          minmay_misc_feat_encased, minmay_pentangle, uniq_eustachio
D:6:      layout_gridville, tso_altar, guppyfry_early_elven_hall
Temple:   hc_temple_tempest_star

Skill      XL: |  1  2  3  4  5  6  7  8 |
---------------+-------------------------+-----
Shapeshifting  | 4 5 6 |  6.7
Unarmed Combat | 4 5 |  5.5
Fighting       | 2 3 4 |  4.1
Ice Magic      | 1 3 |  3.4
Dodging        | |  2.0

Action                     |  1- 3 |  4- 6 |  7- 9 || total
---------------------------+-------+-------+-------++-------
  Melee: Unarmed           |    55 |   127 |    68 ||   250
         Constrict         |    18 |    28 |    17 ||    63
         Tentacles         |     9 |    11 |    15 ||    35
         Punch             |     1 |     2 |     2 ||     5
 Invoke: Purification      |       |     1 |       ||     1
  Evoke: Wand              |       |     4 |     3 ||     7
    Use: Scroll            |     3 |     6 |       ||     9
         Potion            |       |     3 |       ||     3
   Stab: Sleeping          |     5 |    12 |       ||    17
 Armour: Skin              |    24 |    87 |    56 ||   167
  Dodge: Dodged            |    33 |    60 |    48 ||   141

Table legend: (Time is in decaauts)
 A = Elapsed time spent in this place.
 B = Non-inter-level travel time spent in this place.
 C = Inter-level travel time spent in this place.
 D = Time resting spent in this place.
 E = Time spent auto-exploring this place.
 F = Levels seen in this place.
 G = Mean time per level.
                   A        B        C        D        E       F      G
               +--------+--------+--------+--------+--------+-----+--------+
         Total |   4933 |   4585 |    348 |    401 |   3455 |   7 |  704.7 |
       Dungeon |   4898 |   4582 |    316 |    401 |   3455 |   6 |  816.3 |
        Temple |     34 |      2 |     32 |      0 |      0 |   1 |   34.0 |
               +--------+--------+--------+--------+--------+-----+--------+

Top non-repeatable levels by time:
     D:5: 1104 daAuts
     D:3: 1098 daAuts
     D:4: 767 daAuts
     D:6: 685 daAuts
     D:2: 683 daAuts
     D:1: 559 daAuts
  Temple: 34 daAuts
